 Dungeon Crawl Stone Soup version 0.19.4 (webtiles) character file.

22 JeffiDaFish the Stinger (level 2, 0/19 HPs)
             Began as a Demonspawn Venom Mage on Feb 3, 2017.
             Slain by an adder (4 damage)
             ... on level 2 of the Dungeon.
             The game lasted 00:04:11 (1106 turns).

JeffiDaFish the Stinger (Demonspawn Venom Mage)     Turns: 1106, Time: 00:04:12

Health: 0/19       AC:  2    Str:  8    XL:     2   Next: 68%
Magic:  0/5        EV: 12    Int: 16    God:
Gold:   70         SH:  0    Dex: 13    Spells: 1 memorised, 4 levels left

rFire  . . .     SeeInvis .     j - +0 hand axe
rCold  . . .     Gourm    .     a - +0 robe
rNeg   . . .     Faith    .     (no shield)
rPois  .         Spirit   .     (no helmet)
rElec  .         Reflect  .     (no cloak)
rCorr  .         Harm     .     (no gloves)
MR     +....                    (no boots)
Stlth  ++........               (no amulet)
                                (no ring)
                                (no ring)

@: very slightly contaminated
A: claws 1, magic resistance 1, sense surroundings 1, wild magic 1
a: no special abilities


You were on level 2 of the Dungeon.
You were not hungry.

You visited 1 branch of the dungeon, and saw 2 of its levels.

You collected 70 gold pieces.

Inventory:

Hand Weapons
 j - a +0 hand axe (weapon)
Armour
 a - a +0 robe (worn)
Scrolls
 d - a scroll of recharging
 h - 2 scrolls of amnesia
 i - 3 scrolls of teleportation
 k - a scroll of identify
Potions
 e - a potion of heal wounds
Books
 b - a Young Poisoner's Handbook

   Spells                             Type                      Level
   a - Sting                          Conjuration/Poison           1
   b - Mephitic Cloud                 Conjuration/Poison/Air       3
   c - Olgreb's Toxic Radiance        Poison                       4
   d - Alistair's Intoxication        Transmutation/Poison         5
   e - Venom Bolt                     Conjuration/Poison           5
Comestibles
 c - 2 bread rations
 f - a slice of pizza
 g - a chunk of flesh


   Skills:
 + Level 1.7 Dodging
 + Level 1.8 Stealth
 + Level 2.1 Spellcasting
 + Level 0.6 Conjurations
 + Level 4.6 Poison Magic


You had 4 spell levels left.
You knew the following spells:

 Your Spells              Type           Power        Failure   Level  Hunger
a - Sting                 Conj/Pois      ##..         14%         1    #......


Dungeon Overview and Level Annotations

Branches:
Dungeon (2/15)

Altars:
Gozag
Xom


Innate Abilities, Weirdness & Mutations

You have sharp fingernails.
You are resistant to hostile enchantments. (MR+)
You passively map a small area around you.
Your spells are a little harder to cast, but a little more powerful.


Message History

You barely miss the kobold. The kobold hits you but does no damage.
Casting: Sting
Confirm with . or Enter, or press ? or * to list all spells.
Aiming: Sting
Press: ? - help, Shift-Dir - straight line, f/p - adder
Aim: an adder The sting hits the kobold.
The kobold is poisoned.
The kobold is moderately wounded.
The kobold hits you with a short sword.
* * * LOW HITPOINT WARNING * * *
Casting: Sting
Confirm with . or Enter, or press ? or * to list all spells.
Aiming: Sting
Press: ? - help, Shift-Dir - straight line, f/p - adder
Aim: an adder The sting hits the kobold.
The kobold looks even sicker.
You kill the kobold!
You are too injured to fight recklessly!
You closely miss the adder. The adder bites you.
You die...

,, ,* , *##### #####, *
, * ##...## ##...##,
##.....###.....##,
#...[...#.......#*
#...(.(.#.......# , * ,,
#.......#.......#,#.# ,
,, ##.....###.....## #.#
* ##.@.## ##...### #.#
#######S#######'##.# #.#
, , ...................#
#.# ,
.......)...........###.#
....................##.#
, ,
#######'#######'##...#.#
, * ...* ##...###.#.# *
,, * (.... ##.....##....
.......#.......#....


You could see an adder.

Vanquished Creatures
  An ooze (D:1)
  A giant cockroach (D:1)
  3 goblins (D:1)
  2 hobgoblins
  A bat (D:2)
  2 frilled lizards
  7 kobolds
  4 rats
21 creatures vanquished.

Notes
Turn   | Place    | Note
-------+----------+-------------------------------------------
     0 | D:1      | JeffiDaFish the Demonspawn Venom Mage began the quest for the Orb.
     0 | D:1      | Reached XP level 1. HP: 13/13 MP: 3/3
    10 | D:1      | Gained mutation: You are resistant to hostile enchantments. (MR+) [potion of mutation]
    10 | D:1      | Gained mutation: Your spells are a little harder to cast, but a little more powerful. [potion of mutation]
    10 | D:1      | Gained mutation: You passively map a small area around you. [potion of mutation]
   400 | D:1      | Gained mutation: You have sharp fingernails. [demonic ancestry]
   400 | D:1      | Reached XP level 2. HP: 5/19 MP: 0/5
   953 | D:2      | Found an opulent altar of Gozag.
   959 | D:2      | Found a shimmering altar of Xom.
  1106 | D:2      | Slain by an adder

Action                   || total
-------------------------++-------
Melee: Unarmed           ||    34
       Hand axe          ||    12
       Mace              ||     4
 Cast: Sting             ||    31
  Use: Potion            ||     4
       Scroll            ||     4
  Eat: Chunk             ||     1
Armor: Robe              ||     7
Dodge: Dodged            ||    35
